 Dungeon Crawl Stone Soup version 0.28.0-49-g6dfe1f597d (webtiles) character file.

Game seed: 12768698557095977638

205 MrIGI the Chiller (level 5, -4/36 HPs)
             Began as a Merfolk Ice Elementalist on May 11, 2022.
             Killed by divine providence
             ... invoked by an orc priest
              (13 damage)
             ... on level 4 of the Dungeon.
             The game lasted 00:22:15 (3913 turns).

MrIGI the Chiller (Merfolk Ice Elementalist)        Turns: 3913, Time: 00:22:15

Health: -4/36      AC:  2    Str:  8    XL:     5   Next: 83%
Magic:  3/8        EV: 13    Int: 14    God:
Gold:   99         SH:  5    Dex: 17    Spells: 4/8 levels left

rFire   + . .      SeeInvis .   c - +1 short sword (speed)
rCold   + . .      Faith    .   (no shield)
rNeg    . . .      Spirit   .   (no armour)
rPois   +          Reflect  +   q - +0 helmet
rElec   +          Harm     .   (no cloak)
rCorr   +          Rampage  .   g - +0 pair of gloves
Will    .....                   (no boots)
Stlth   ++........              u - amulet of reflection
HPRegen 0.12/turn               d - +4 ring of slaying
MPRegen 0.11/turn               x - ring of resist corrosion

@: resistant
A: (nimble swimmer 2), mertail
a: no special abilities


You were on level 4 of the Dungeon.
You visited 1 branch of the dungeon, and saw 5 of its levels.

You collected 99 gold pieces.

Inventory:

Hand Weapons
 c - a +1 short sword of speed (weapon)
 p - a +0 hunting sling
Armour
 a - a +0 robe
 b - a +0 leather armour
 g - a +0 pair of gloves (worn)
 n - a +0 ring mail
 q - a +0 helmet (worn)
 s - a +0 chain mail
 t - a +1 hat
Magical Staves
 o - a staff of earth
Jewellery
 d - a +4 ring of slaying (left hand)
 i - an amulet of magic regeneration
 u - an amulet of reflection (around neck)
 x - a ring of resist corrosion (right hand)
Scrolls
 e - a scroll of identify
 l - a scroll of immolation {unknown}
 m - a scroll of brand weapon {unknown}
 y - a scroll of magic mapping {unknown}
Potions
 f - 2 potions of curing {unknown}
 h - a potion of invisibility {unknown}
 j - a potion of resistance
 k - 2 potions of heal wounds
 r - 2 potions of degeneration
 v - a potion of ambrosia {unknown}
 w - a potion of cancellation {unknown}
 z - a potion of mutation {unknown}


   Skills:
 + Level 0.4 Fighting
 + Level 1.6 Short Blades
 + Level 1.1 Armour
 + Level 3.2 Dodging
 + Level 2.9 Stealth
 + Level 1.6 Shields
 - Level 2.4 Spellcasting
 * Level 0.5 Conjurations
 * Level 5.6 Ice Magic


You had 4 spell levels left.
You knew the following spells:

 Your Spells              Type           Power      Damage    Failure   Level
a - Freeze                Ice            68%        1d8       2%          1
b - Ozocubu's Armour      Ice            17%        N/A       7%          3

Your spell library contained the following spells:

 Spells                   Type           Power      Damage    Failure   Level
 Frozen Ramparts          Ice            34%        1d5       7%          3
 Static Discharge         Conj/Air       2%         N/A       30%         2
 Hailstorm                Conj/Ice       10%        3d5       54%         4
 Animate Armour           Summ/Erth      2%         N/A       92%         4
 Blade Hands              Tmut           0%         N/A       99%         5
 Lightning Bolt           Conj/Air       1%         1d12      99%         5
 Iron Shot                Conj/Erth      1%         9d1       100%        6
 Maxwell's Capacitive Co  Air            0%         ∞         100%        8


Dungeon Overview and Level Annotations

Branches:
Dungeon (5/15)
 Temple: D:4-7

Altars:
Trog

Shops:
D:3 =


Innate Abilities, Weirdness & Mutations

((You are very nimble when in or above water. (Stealth+, EV+, Speed+++)))
Your lower body shifts to a powerful aquatic tail in water.


Message History

You block the black bear's attack. x2
You block the black bear's attack.
The black bear claws you but does no damage.
The black bear claws you.
Your icy armour will break if you move.
Continue? [Y]es or [N]o only, please.
Your icy armour will break if you move.
Continue? [Y]es or [N]o only, please.
Your icy armour will break if you move.
Continue?
Your icy armour cracks and falls away as you move.
Your magical contamination has completely faded away.
The orc shouts!
The orc priest shouts!
The orc priest invokes the aid of Beogh against you.
Beogh smites you!
You feel much better. The black bear bites you.
The black bear claws you but does no damage.
You block the black bear's attack.
As you read the scroll labelled PUITICL CECO, it crumbles to dust.
It is a scroll of identify.
r - 2 potions of degeneration The black bear barely misses you.
You block the black bear's attack. The black bear claws you.
It was a potion of resistance.
You feel protected. The black bear barely misses you.
The black bear closely misses you.
The black bear claws you but does no damage.
The kobold shouts!
The orc priest closely misses you. You block the orc's attack.
The orc priest mumbles some strange prayers to Beogh against you.
Beogh smites you! The orc priest barely misses you.
The kobold throws a stone.
The stone hits you. The orc closely misses you.
The orc priest invokes the aid of Beogh against you.
Beogh smites you!
* * * LOW HITPOINT WARNING * * *
The orc priest calls down the wrath of Beogh upon you.
Beogh smites you!
You die...

#.##.# #.# #.##.# #.# #.# #
#.##.# #.###.# #. ##
#.##.##### #.##..# #.# #.#
#........# #.##<## #.###..#
####.###.# #.##.# #.#.#.# #.#
#.# #.##.# #....# #.#
#.###.##.#########....####
#.###.......#@o..o.K..........
#..........###.h..............
###########.#.######..(.......
#.# ###...##### ### #...#
##.## #.## #..# ##.#


You could see a black bear, an orc priest, an orc and a kobold.

Vanquished Creatures
  A jelly (D:4)
  A hound (D:3)
  An iguana (D:4)
  A hound skeleton (D:4)
  2 gnolls
  3 adders
  An ufetubus (D:5)
  A dart slug (D:2)
  2 orcs
  4 ball pythons
  5 bats
  5 endoplasms
  5 giant cockroaches
  7 goblins
  4 hobgoblins
  2 kobolds
  A quokka (D:1)
  6 rats
52 creatures vanquished.

Notes
Turn   | Place    | Note
-------+----------+-------------------------------------------
     0 | D:1      | MrIGI the Merfolk Ice Elementalist began the quest for the
                  | Orb.
     0 | D:1      | Reached XP level 1. HP: 13/13 MP: 3/3
   340 | D:1      | Reached XP level 2. HP: 19/19 MP: 5/5
   450 | D:1      | Reached skill level 5 in Ice Magic
   870 | D:1      | Reached XP level 3. HP: 9/24 MP: 3/6
  1706 | D:2      | Found a bloodstained altar of Trog.
  1734 | D:2      | Reached skill level 1 in Short Blades
  1892 | D:2      | Reached XP level 4. HP: 23/30 MP: 7/7
  2415 | D:3      | Found a faded altar of an unknown god.
  2622 | D:3      | Found Rathouvva's Jewellery Shop.
  3113 | D:4      | Noticed a wyvern
  3152 | D:4      | Reached XP level 5. HP: 28/36 MP: 5/8
  3270 | D:5      | Entered Level 5 of the Dungeon
  3286 | D:5      | Reached skill level 1 in Armour
  3363 | D:5      | Noticed a sky beast
  3370 | D:5      | Learned a level 3 spell: Ozocubu's Armour
  3706 | D:4      | Reached skill level 1 in Shields
  3763 | D:5      | Noticed a black bear
  3855 | D:4      | Noticed a black bear
  3913 | D:4      | Killed from afar by an orc priest

Illustrated notes

Levels and vault maps discovered:
D:1:      psy_arrival_basics, layout_basic
D:2:      layout_loops_ring, basic_altar, minmay_tetromino_i2
D:3:      layout_loops_ring, serial_shops, shop, basic_ecumenical_altar
D:4:      layout_loops_ring, minmay_manual_mess, uniq_natasha
D:5:      layout_rooms, uniq_blork_the_orc, uniq_crazy_yiuf_cottage

Skill      XL: |  1  2  3  4  5 |
---------------+----------------+-----
Ice Magic      | 5 |  5.6
Short Blades   | 1 |  1.6
Dodging        | 3 |  3.2
Armour         | 1 |  1.1
Shields        | 1 |  1.6
Fighting       | |  0.4
Stealth        | |  2.9
Spellcasting   | |  2.4
Conjurations   | |  0.5

Action                   |  1- 3 |  4- 6 || total
-------------------------+-------+-------++-------
Melee: Short sword       |    73 |    61 ||   134
       Unarmed           |     1 |       ||     1
       Punch             |     1 |     1 ||     2
 Cast: Freeze            |    20 |    29 ||    49
       Ozocubu's Armour  |       |     4 ||     4
  Use: Scroll            |       |     3 ||     3
       Potion            |       |     3 ||     3
 Stab: Sleeping          |     5 |       ||     5
       Distracted        |     1 |       ||     1
Armor: Leather armour    |    21 |     4 ||    25
       Ring mail         |       |    23 ||    23
       Skin              |       |     4 ||     4
Dodge: Dodged            |    41 |    62 ||   103
Block: Other             |       |    20 ||    20
